 Dungeon Crawl Stone Soup version 0.21.1-1-g345015f (webtiles) character file.

47 inc the Scratcher (level 3, 17/17 HPs)
             Began as a Felid Chaos Knight on Feb 23, 2018.
             Quit the game on level 4 of the Dungeon.
             The game lasted 00:02:32 (2466 turns).

inc the Scratcher (Felid Chaos Knight)              Turns: 2466, Time: 00:02:33

Health: 17/17      AC:  1    Str:  8    XL:     3   Next: 48%
Magic:  4/4        EV: 18    Int: 14    God:    Xom [..*...]
Gold:   71         SH:  0    Dex: 15    Spells: 2/2 levels left
                                        Lives:  0   Deaths: 1

rFire    . . .     SeeInvis +     - Unarmed
rCold    . . .     Gourm    .   (shield unavailable)
rNeg     . . .     Faith    .   (armour unavailable)
rPois    .         Spirit   .   (helmet unavailable)
rElec    .         Reflect  .   (cloak unavailable)
rCorr    .         Harm     .   (gloves unavailable)
MR       .....                  (boots unavailable)
Stlth    ++........             (no amulet)
HPRegen  0.05/turn              (no ring)
MPRegen  0.09/turn              (no ring)

@: quick
A: very small, no armour, no weapons or thrown items, stealth, claws 1, fangs 3,
see invisible, carnivore, speed 1, shaggy fur 1, slow metabolism 1, sharp paws
a: Renounce Religion


You were on level 4 of the Dungeon.
You worshipped Xom.
You were a toy of Xom.
You were not hungry.

You visited 1 branch of the dungeon, and saw 4 of its levels.

You collected 71 gold pieces.

Inventory:

Jewellery
 i - an uncursed ring of see invisible
Scrolls
 c - a scroll of teleportation {unknown}
 d - 2 scrolls of identify {unknown}
 f - a scroll of enchant armour {unknown}
 g - a scroll of fog {unknown}
 h - a scroll of immolation {unknown}
Potions
 b - a potion of heal wounds
 e - a potion of brilliance
 j - a potion of curing
Books
 k - a book of Minor Magic

   Spells                             Type                      Level
   a - Magic Dart                     Conjuration                  1
   b - Blink                          Translocation                2
   c - Call Imp                       Summoning                    2
   d - Slow                           Hexes                        2
   e - Conjure Flame                  Conjuration/Fire             3
   f - Mephitic Cloud                 Conjuration/Poison/Air       3
Comestibles
 a - 4 rations


   Skills:
 - Level 3.0 Fighting
 - Level 3.2 Dodging
 + Level 5.3 Unarmed Combat


You had 2 spell levels left.
You didn't know any spells.

Dungeon Overview and Level Annotations

Branches:
Dungeon (4/15)
 Temple: D:4-7

Altars:


Innate Abilities, Weirdness & Mutations

You cannot wear armour.
You are incapable of wielding weapons or throwing items.
Your paws allow you to move quietly. (Stealth)
You have sharp claws.
You have razor-sharp teeth.
You have supernaturally acute eyesight. (SInv)
You are carnivorous and can eat meat at any time.
You cover ground quickly.
You are covered in fur. (AC +1)
You have a slow metabolism.
Your sharp claws are effective at attacking unaware monsters.


Message History

The howler monkey skeleton closely misses you.
You scratch the howler monkey skeleton. You bite the howler monkey skeleton.
The howler monkey skeleton is almost destroyed.
You feel sick. The worker ant bites you. The howler monkey skeleton hits you.
* * * LOW HITPOINT WARNING * * *
It was a potion of brilliance.
You feel clever all of a sudden.
Xom is highly amused!
* * * LOW HITPOINT WARNING * * *
You feel sick. The worker ant bites you.
You die...
Xom chortles!
The howler monkey skeleton hits you but does no damage.
The worker ant completely misses you.
You are now level 3!
You rejoin the land of the living...
Found 4 gold pieces.
It was a potion of curing.
You feel better.
It was a potion of heal wounds.
You feel much better.
Are you sure you want to abandon this character and quit the game? (Confirm with "yes".)

#.# #.#
$.. #.#
#.#
#.####.#
#......#
#.@#
#..#
#..#
#...
#.## #.
#. ..


There were no monsters in sight!

Vanquished Creatures
  5 adders
  A dart slug (D:1)
  4 orcs
  3 giant cockroaches
  8 goblins
  4 hobgoblins
  3 jackals (D:3)
  3 kobolds
  6 quokkas
  2 ball pythons
  6 bats
  A frilled lizard (D:1)
  A rat (D:2)
47 creatures vanquished.

Notes
Turn   | Place    | Note
-------+----------+-------------------------------------------
     0 | D:1      | inc the Felid Chaos Knight began the quest for the Orb.
     0 | D:1      | Reached XP level 1. HP: 10/10 MP: 2/2
   211 | D:1      | XOM: divination: detect items
   267 | D:1      | XOM: harmless Fire miscast
   451 | D:1      | Reached XP level 2. HP: 8/14 MP: 3/3
  1019 | D:2      | Reached skill level 4 in Unarmed Combat
  1106 | D:2      | XOM: butterfly on damage
  1107 | D:2      | Reached XP level 3. HP: 6/17 MP: 4/4
  1173 | D:2      | XOM: cloud trail
  1420 | D:2      | XOM: butterfly on damage
  1995 | D:3      | XOM: harmless Tmut miscast
  2070 | D:3      | Reached skill level 5 in Unarmed Combat
  2070 | D:3      | Reached XP level 4. HP: 18/21 MP: 5/5
  2109 | D:3      | XOM is BORED!
  2109 | D:3      | XOM: mild Conj miscast
  2433 | D:3      | XOM: silly message
  2463 | D:4      | Slain by a worker ant
  2464 | D:4      | Reached XP level 3. HP: -1/17 MP: 4/4
  2466 | D:4      | Quit the game

Skill      XL: |  1  2  3 |
---------------+----------+-----
Unarmed Combat | 4 5 |  5.3
Fighting       | |  3.0
Dodging        | |  3.2

Action                   |  1- 3 |  4- 6 || total
-------------------------+-------+-------++-------
Melee: Unarmed           |    97 |    23 ||   120
       Bite              |     4 |     2 ||     6
       Punch             |     1 |       ||     1
  Use: Potion            |     2 |     1 ||     3
 Stab: Sleeping          |     5 |     2 ||     7
  Eat: Chunk             |     2 |       ||     2
Armor: Skin              |     4 |     1 ||     5
Dodge: Dodged            |    74 |    21 ||    95
